 Dungeon Crawl Stone Soup version 0.27.0-1-g7a089689b8 (webtiles) character file.

Game seed: 8736314405976329234

6089 Eryximachus the Zephyrmancer (level 10, -5/64 HPs)
             Began as a Tengu Air Elementalist on Aug 5, 2021.
             Was an Initiate of Gozag.
             Slain by a hornet (6 damage)
             ... in a Gauntlet on Aug 6, 2021.
             The game lasted 00:41:49 (19646 turns).

Eryximachus the Zephyrmancer (TeAE)                Turns: 19646, Time: 00:41:50

Health: -5/64      AC:  8    Str:  9    XL:     10   Next: 88%
Magic:  2/18       EV: 14    Int: 25    God:    Gozag
Gold:   115        SH:  5    Dex: 14    Spells: 9/19 levels left

rFire    + . .     SeeInvis .   b - staff of air {!a}
rCold    + . .     Faith    .   (no shield)
rNeg     . . .     Spirit   .   C - +1 ring mail "Fuowot" {rElec}
rPois    .         Reflect  +   (helmet restricted)
rElec    +         Harm     .   o - +0 cloak
rCorr    .         Rampage  .   E - +0 pair of gloves
Will     .....     NoTele   +   (boots unavailable)
Stlth    +.........             A - amulet of reflection
HPRegen  0.20/turn              M - ring "Kexeunie" {+Blink rF+ rC+ Will- Int+6}
MPRegen  0.16/turn              Z - ring of wizardry

@: flying quickly and evasively, slowed, very slow
A: beak, talons 3, nimble flight
a: Renounce Religion, Evoke Blink, Potion Petition, Call Merchant, Bribe Branch


You were in a Gauntlet.
You worshipped Gozag.
Gozag was aware of your devotion.
You visited 3 branches of the dungeon, and saw 11 of its levels.
You also visited: Gauntlet.

You collected 1572 gold pieces.
You spent 841 gold pieces at shops.
You paid 616 gold pieces to Gozag.


Innate Abilities, Weirdness & Mutations

You have a beak for a mouth.
You have claws for feet.
Your magical nature lets you fly swiftly and evasively.


   Skills:
 - Level 8.0 Fighting
 - Level 6.0 Dodging
 - Level 2.0 Stealth
 + Level 5.7 Shields
 - Level 5.0 Spellcasting
 - Level 6.0 Conjurations
 - Level 12.0 Air Magic
 + Level 2.5 Evocations


You had 9 spell levels left.
You knew the following spells:

 Your Spells              Type           Power      Damage    Failure   Level
a - Shock                 Conj/Air       100%       1d9       1%          1
b - Static Discharge      Conj/Air       67%        N/A       1%          2
c - Swiftness             Air            78%        N/A       1%          3
d - Airstrike             Air            39%        N/A       1%          4

Your spell library contained the following spells:

 Spells                   Type           Power      Damage    Failure   Level
 Magic Dart               Conj           100%       1d8       1%          1
 Mephitic Cloud           Conj/Pois/Air  53%        N/A       2%          3
 Call Imp                 Summ           6%         N/A       14%         2
 Gell's Gravitas          Tloc           3%         N/A       26%         3
 Inner Flame              Hex/Fire       6%         N/A       26%         3
 Lesser Beckoning         Tloc           3%         N/A       26%         3
 Summon Guardian Golem    Hex/Summ       6%         N/A       26%         3
 Teleport Other           Tloc           6%         N/A       26%         3
 Cause Fear               Hex            3%         N/A       63%         4
 Orb of Destruction       Conj           18%        9d8       99%         7
 Spellforged Servitor     Conj/Summ      10%        N/A       100%        7
 Discord                  Hex            3%         N/A       100%        8

Inventory:

Hand Weapons
 a - a +2 spear of freezing
Missiles
 e - 52 poisoned darts (quivered)
 f - a throwing net {=f}
 n - 6 curare-tipped darts {=f}
Armour
 l - a +0 kite shield
 o - a +0 cloak (worn)
 y - a +0 robe
 C - the +1 ring mail "Fuowot" (worn) {rElec}
   (You bought it in a shop on level 6 of the Dungeon)

   rElec:     It insulates you from electricity.
 E - a +0 pair of gloves (worn)
 K - the +4 tower shield "Xarryclu" {rPois}
   (You found it on level 8 of the Dungeon)

   rPois:     It protects you from poison.
Magical Staves
 b - a staff of air (weapon) {!a}
Jewellery
 A - an amulet of reflection (around neck)
 I - a +6 ring of intelligence
 M - the ring "Kexeunie" (left hand) {+Blink rF+ rC+ Will- Int+6}
   (You bought it in a shop on level 1 of the Lair of Beasts)

   [ring of protection from cold]

   Int:       It affects your intelligence (+6).
   rF:        It protects you from fire.
   rC:        It protects you from cold.
   +Blink:    It lets you blink.
   Will:      It decreases your willpower.
 P - a ring of poison resistance
 Z - a ring of wizardry (right hand)
Wands
 w - a wand of flame (14)
 J - a wand of iceblast (7)
Scrolls
 c - 2 scrolls of teleportation {@r2}
 g - a scroll of torment {unknown}
 k - a scroll of amnesia {unknown}
 s - 2 scrolls of summoning {unknown}
 t - 5 scrolls of enchant armour
 u - 3 scrolls of blinking {unknown}
 v - 2 scrolls of fear
 x - a scroll of magic mapping
 D - a scroll of immolation
 G - a scroll of enchant weapon {unknown}
 L - a scroll of fog {unknown}
Potions
 d - 3 potions of heal wounds {@q2}
 h - 3 potions of curing {@q1}
 i - a potion of might {unknown}
 j - a potion of berserk rage {unknown}
 m - a potion of flight {unknown}
 p - 2 potions of degeneration
 q - 2 potions of invisibility {unknown}
 r - 2 potions of resistance
 z - a potion of brilliance
 B - a potion of attraction
 F - a potion of magic {unknown}
 H - a potion of mutation

Dungeon Overview and Level Annotations

Branches:
Dungeon (9/15)             Temple (1/1) D:4            Lair (1/6) D:9
Gauntlet (1/1)
    Orc: D:9-12

Altars:
Elyvilon
Gozag
Hepliaklqana
Kikubaaqudgha
Makhleb
Nemelex Xobeh
Qazlal
Trog
Vehumet
Xom
Yredelemnul
Zin
The Shining One

Shops:
D:6 **[   D:9 =   Lair:1 =

Annotations:
D:5 3 runed translucent doors, butteredtoast's ghost, novice TrMo
D:7 1 runed translucent door, butteredtoast's ghost, novice DESu Gauntlet 15 transporters

.▒.........▒.▒..▒8▒ ▒8▒
.▒..#...#..▒.▒..▒▒▒▒▒▒▒▒▒▒▒
.▒...P....5▒.▒..........▒8▒
.▒5......54▒.▒..........▒▒▒▒▒
.▒▒▒▒▒▒▒▒▒▒▒.▒▒▒▒▒▒▒▒▒.....≈▒▒▒
.▒≈§§§ ≈≈§§▒........©▒......▒8▒
.▒▒▒▒▒▒▒▒▒▒▒.▒▒▒▒▒▒▒▒▒▒▒▒▒..▒▒▒
.▒....≈≈...▒.▒.▒.y.?©)...▒..▒
.▒.§≈≈..≈≈5▒.▒.▒@▒.▒.▒.▒.▒..▒▒▒
.▒≈.≈..≈..5▒.▒.▒..▒.▒.▒..▒..▒8▒
.▒!..≈§.≈.3▒.▒.▒.▒.▒.▒.▒.▒..▒▒▒
©▒©..≈§.≈≈5▒©▒.▒..▒.©.▒..▒..▒
▒▒[≈§§≈§§.5▒▒▒.▒.▒.▒.▒.▒.▒..▒▒▒
.▒..§.§§§..▒...▒..▒.▒.▒..▒..▒8▒
.▒≈≈.≈≈§≈§≈▒...▒.▒.▒.▒.▒.▒..▒▒▒
.▒....≈§§§.▒...▒.........▒..▒
.▒▒▒▒▒▒▒▒▒▒▒...▒▒▒▒▒▒▒▒▒▒▒..▒


You could see an ice devil, a smoke demon, a hornet, 4 crimson imps and 2 white
imps.


Message History

You are more poisoned.
You feel yourself slow down.
You feel better.
You feel yourself speed up. The hornet closely misses you.
The hornet completely misses you.
You barely miss the hornet.
The hornet is heavily wounded.
The hornet closely misses you. The hornet stings you.
* * * LOW HITPOINT WARNING * * *
You feel yourself slow down.
You hit the hornet.
The hornet is electrocuted!
You claw the hornet.
The hornet is almost dead.
The hornet closely misses you. You block the hornet's attack.
The hornet closely misses you.
You closely miss the hornet.
The hornet is almost dead.
You feel yourself speed up. The hornet closely misses you.
The hornet stings you!
* * * LOW HITPOINT WARNING * * *
You feel yourself slow down.
The white imp grinds its teeth.
The white imp shouts, "Submit, thou baffled weeb-spouting boar-pig!"
You feel better.
You feel yourself speed up. The hornet stings you!
* * * LOW HITPOINT WARNING * * *
You feel yourself slow down. The hornet stings you.
You die...
Your body crumbles into a pile of gold.

Skill      XL: |  1  2  3  4  5  6  7  8  9 10 |
---------------+-------------------------------+-----
Conjurations   | 2 3 4 6 |  6.0
Dodging        | 3 5 6 |  6.0
Fighting       | 1 2 3 4 5 6 8 |  8.0
Air Magic      | 5 6 8 9 12 | 12.0
Spellcasting   | 5 |  5.0
Shields        | 2 5 |  5.7
Evocations     | 2 |  2.5
Stealth        | |  2.0

Action                   |  1- 3 |  4- 6 |  7- 9 | 10-12 || total
-------------------------+-------+-------+-------+-------++-------
Melee: Unarmed           |     8 |       |       |       ||     8
       Kick              |     1 |     4 |     6 |     1 ||    12
       Staff             |     3 |    30 |    66 |     4 ||   103
       Peck              |       |     5 |     7 |       ||    12
Throw: Dart              |       |     1 |     5 |     4 ||    10
 Cast: Shock             |    62 |    78 |    37 |    22 ||   199
       Static Discharge  |       |    15 |    35 |     8 ||    58
       Airstrike         |       |       |    89 |    58 ||   147
       Swiftness         |       |       |     2 |       ||     2
Invok: Call Merchant     |       |       |       |     1 ||     1
  Use: Scroll            |       |       |     7 |     4 ||    11
       Potion            |       |       |       |     4 ||     4
 Stab: Sleeping          |       |     1 |     1 |       ||     2
Armor: Robe              |     7 |     7 |     3 |       ||    17
       Ring mail         |       |       |     3 |    11 ||    14
Dodge: Dodged            |    26 |    39 |   112 |    42 ||   219
Block: Other             |       |       |    10 |    11 ||    21
       Reflection        |       |       |     1 |     3 ||     4

Levels and vault maps discovered:
D:1:      shiori_arrival_elements, layout_basic,
          hellmonk_ecumenical_altar_lost_god
D:2:      layout_rooms, grunt_ministairs_10, st_stairs_7, minmay_tromino_mix6,
          uniq_terence
D:3:      layout_loops_cross
D:4:      layout_basic, minmay_temple_entry_wispy, grunt_ministairs_2,
          wad_floor_pattern_2, uniq_purgy
D:5:      lemuel_ratsnest, layout_rooms, gammafunk_ghost_icy
D:6:      layout_rooms, serial_shops, nicolae_inconvenience_store, shop, shop
D:7:      wander_river, layout_rooms, mainiacjoe_overflow_six_doors_small,
          ebering_ghost_inner_flame, minmay_quadrilaterals
D:8:      layout_rooms, kennysheep_another_room, st_stairs_4
D:9:      layout_loops_ring, david_lair_generic
Temple:   compressed_dpeg_triangle_lava_temple
Lair:1:   layout_cellular_growth, gauntlet_entry_generic, grunt_megastairs_5,
          lemuel_fruit_tree, uniq_sonja
Gauntlet: gammafunk_gauntlet_branching [gammafunk_gauntlet_arena_grid,
          gammafunk_gauntlet_arena_split_diamond,
          gammafunk_gauntlet_arena_hedges, nicolae_gauntlet_arena_flowing_pool,
          gammafunk_gauntlet_arena_crates, nicolae_gauntlet_arena_blocks,
          nicolae_gauntlet_arena_x, gammafunk_gauntlet_arena_chambers,
          gauntlet_exit_watery]

Notes
Turn   | Place    | Note
-------+----------+-------------------------------------------
     0 | D:1      | Eryximachus the Tengu Air Elementalist began the quest for
                  | the Orb.
     0 | D:1      | Reached XP level 1. HP: 10/10 MP: 4/4
   388 | D:1      | Reached skill level 2 in Conjurations
   623 | D:1      | Reached XP level 2. HP: 11/15 MP: 0/6
  1111 | D:1      | You fall into a shaft and drop 1 floor!
  1117 | D:2      | Reached skill level 3 in Dodging
  1556 | D:2      | Reached skill level 3 in Conjurations
  1556 | D:2      | Reached XP level 3. HP: 19/19 MP: 2/7
  1559 | D:2      | Learned a level 2 spell: Static Discharge
  1563 | D:2      | Learned a level 3 spell: Swiftness
  2476 | D:2      | Reached skill level 4 in Conjurations
  2476 | D:2      | Reached XP level 4. HP: 24/24 MP: 5/8
  2873 | D:2      | Noticed Terence
  2894 | D:2      | Killed Terence
  2895 | D:2      | Reached skill level 1 in Fighting
  3569 | D:1      | Reached skill level 5 in Air Magic
  3800 | D:1      | Found a faded altar of an unknown god.
  4528 | D:3      | Gained mutation: Your magical nature lets you fly swiftly
                  | and evasively. [Tengu growth]
  4528 | D:3      | Reached XP level 5. HP: 29/29 MP: 7/9
  5158 | D:3      | Reached skill level 2 in Fighting
  5776 | D:3      | Noticed an ogre
  6019 | D:4      | Found a staircase to the Ecumenical Temple.
  6024 | Temple   | Entered the Ecumenical Temple
  6041 | Temple   | Became a worshipper of Gozag Ym Sagoz the Greedy
  6263 | D:4      | Reached skill level 6 in Air Magic
  6263 | D:4      | Reached XP level 6. HP: 36/36 MP: 5/10
  6337 | D:4      | Reached skill level 3 in Fighting
  6564 | D:4      | Noticed Purgy
  6610 | D:4      | Killed Purgy
  6611 | D:4      | Reached skill level 7 in Air Magic
  6893 | D:4      | Reached skill level 8 in Air Magic
  6893 | D:4      | Reached XP level 7. HP: 41/41 MP: 8/11
  7860 | D:5      | Entered Level 5 of the Dungeon
  7867 | D:5      | Reached skill level 4 in Dodging
  7975 | D:5      | Found a runed translucent gate.
  7975 | D:5      | Found a runed translucent gate.
  7975 | D:5      | Found a runed translucent gate.
  7992 | D:5      | Reached skill level 4 in Fighting
  8512 | D:4      | Reached skill level 5 in Dodging
  8512 | D:4      | Reached XP level 8. HP: 48/48 MP: 2/12
  8594 | D:4      | Learned a level 4 spell: Airstrike
  8956 | D:5      | Reached skill level 5 in Fighting
  9523 | D:5      | Reached skill level 6 in Dodging
  9826 | D:5      | Reached skill level 3 in Spellcasting
 10979 | D:5      | Noticed butteredtoast's ghost (novice TrMo)
 11067 | D:6      | Reached skill level 4 in Spellcasting
 11426 | D:6      | Found Fufookia's Assorted Antiques.
 11428 | D:6      | Reached skill level 5 in Spellcasting
 11434 | D:6      | Reached skill level 1 in Shields
 11451 | D:6      | Bought a slimy ring mail for 189 gold pieces
 11451 | D:6      | Identified the +1 ring mail "Fuowot" {rElec} (You bought it
                  | in a shop on level 6 of the Dungeon)
 11470 | D:6      | Reached skill level 2 in Shields
 11470 | D:6      | Reached XP level 9. HP: 54/54 MP: 6/17
 11609 | D:6      | Reached skill level 3 in Shields
 11808 | D:6      | Reached skill level 4 in Shields
 12253 | D:6      | Found Xagun's General Store.
 12306 | D:6      | Reached skill level 5 in Shields
 12483 | D:6      | Found Lunn's Armour Boutique.
 12991 | D:7      | Found a radiant altar of Vehumet.
 13272 | D:7      | Reached skill level 5 in Conjurations
 13912 | D:7      | Found a runed translucent door.
 13921 | D:7      | Noticed butteredtoast's ghost (novice DESu)
 14426 | D:8      | Identified 2 potions of resistance
 14460 | D:8      | Reached skill level 9 in Air Magic
 14862 | D:8      | Identified the +4 tower shield "Xarryclu" {rPois}
 14870 | D:8      | Reached skill level 6 in Fighting
 14870 | D:8      | Reached skill level 6 in Conjurations
 15074 | D:8      | Reached XP level 10. HP: 61/61 MP: 5/18
 15440 | D:8      | Reached skill level 10 in Air Magic
 16007 | D:9      | Reached skill level 7 in Fighting
 16466 | D:9      | Found a staircase to the Lair.
 16466 | D:9      | Noticed an elephant
 17144 | D:9      | Killed an elephant
 17392 | D:9      | Reached skill level 11 in Air Magic
 17786 | D:9      | Reached skill level 8 in Fighting
 18875 | Lair:1   | Entered Level 1 of the Lair of Beasts
 18878 | Lair:1   | Reached skill level 12 in Air Magic
 18928 | Lair:1   | Bought the ring "Kexeunie" {+Blink rF+ rC+ Will- Int+6} for
                  | 652 gold pieces
 18961 | D:9      | Reached skill level 1 in Evocations
 19110 | Lair:1   | Reached skill level 2 in Evocations
 19165 | Lair:1   | Found a gate leading to a gauntlet.
 19174 | Gauntlet | Entered a Gauntlet
 19174 | Gauntlet | Found a transporter.
 19174 | Gauntlet | Found a transporter.
 19178 | Gauntlet | Found a transporter.
 19178 | Gauntlet | Found a transporter.
 19191 | Gauntlet | Found a transporter.
 19201 | Gauntlet | Noticed a wizard
 19203 | Gauntlet | Found a transporter.
 19204 | Gauntlet | Noticed a smoke demon
 19207 | Gauntlet | Noticed a fire crab
 19207 | Gauntlet | Noticed a hell hog
 19211 | Gauntlet | Found a transporter.
 19212 | Gauntlet | Found a transporter.
 19212 | Gauntlet | Found a transporter.
 19217 | Gauntlet | Found a transporter.
 19251 | Gauntlet | Found a transporter.
 19269 | Gauntlet | Found a transporter.
 19314 | Gauntlet | Found a transporter.
 19328 | Gauntlet | Found a transporter.
 19428 | Gauntlet | Found a transporter.
 19446 | Gauntlet | Found a transporter.
 19628 | Gauntlet | Paralysed by a hornet for 3 turns
 19637 | Gauntlet | Paralysed by a hornet for 1 turns
 19646 | Gauntlet | HP: 1/64 [hornet (14)]
 19646 | Gauntlet | Slain by a hornet

Vanquished Creatures
  An elephant (D:9)
  A rime drake (Lair:1)
  A hornet (Gauntlet)
  2 wyverns
  4 yaks (D:9)
  A basilisk (D:9)
  3 water moccasins (D:6)
  3 ice beasts
  Purgy (D:4)
  2 black bears
  6 ogres
  3 orc warriors
  5 wolves
  2 centaurs
  A phantom (D:5)
  A kobold brigand (D:8)
  3 bullfrogs
  A gnoll sergeant (D:6)
  A wyvern zombie (D:8)
  A wyvern skeleton (D:7)
  A killer bee (D:7)
  8 wights
  6 howler monkeys
  A bullfrog zombie (D:5)
  2 centaur zombies
  A jelly (D:6)
  6 hounds
  2 gnoll shamans
  3 iguanas
  Terence (D:2)
  3 orc wizards (D:5)
  2 killer bee zombies (D:7)
  13 gnolls
  11 adders
  9 river rats (D:5)
  A white imp (D:7)
  2 ufetubi (D:6)
  3 worms
  A dart slug (D:3)
  11 orcs
  7 endoplasms
  2 giant cockroaches
  5 goblins
  5 hobgoblins
  8 jackals (D:1)
  8 quokkas
  7 ball pythons
  5 bats
  4 frilled lizards
  10 kobolds
  19 rats
210 creatures vanquished.

Vanquished Creatures (others)
  27 demonic plants (Gauntlet)
  2 fungi (Lair:1)
29 creatures vanquished.

Grand Total: 239 creatures vanquished

Table legend: (Time is in decaauts)
 A = Elapsed time spent in this place.
 B = Non-inter-level travel time spent in this place.
 C = Inter-level travel time spent in this place.
 D = Time resting spent in this place.
 E = Time spent auto-exploring this place.
 F = Levels seen in this place.
 G = Mean time per level.
                   A        B        C        D        E       F      G
               +--------+--------+--------+--------+--------+-----+--------+
         Total |  19142 |  18459 |    683 |  10936 |   4391 |  12 | 1595.2 |
       Dungeon |  18552 |  17872 |    680 |  10888 |   4141 |   9 | 2061.3 |
        Temple |     20 |     17 |      3 |      0 |      0 |   1 |   20.0 |
          Lair |    134 |    134 |      0 |     48 |      0 |   1 |  134.0 |
      Gauntlet |    434 |    434 |      0 |      0 |    250 |   1 |  434.0 |
               +--------+--------+--------+--------+--------+-----+--------+

Top non-repeatable levels by time:
     D:4: 2960 daAuts
     D:2: 2302 daAuts
     D:9: 2265 daAuts
     D:1: 2261 daAuts
     D:8: 2187 daAuts
     D:6: 1862 daAuts
     D:5: 1840 daAuts
     D:3: 1461 daAuts
     D:7: 1411 daAuts
Gauntlet: 434 daAuts
  Lair:1: 134 daAuts
  Temple: 20 daAuts

Table legend:
 A = Non-vault XP
 B = Vault XP
 C = Vault XP percentage of total XP
 D = Non-vault monster count
 E = Vault monster count
 F = Vault count percentage of total count
                 A         B        C        D         E       F
            +---------+---------+-------+---------+---------+-------
      Total |    6466 |    2233 |  25.7 |     156 |      54 |  25.7
            +---------+---------+-------+---------+---------+-------
        D:1 |      40 |       0 |   0.0 |      25 |       0 |   0.0
        D:2 |      39 |      85 |  68.5 |       9 |       8 |  47.1
        D:3 |     203 |       0 |   0.0 |      23 |       0 |   0.0
        D:4 |     370 |     300 |  44.8 |      16 |       3 |  15.8
        D:5 |     638 |     199 |  23.8 |      22 |      30 |  57.7
        D:6 |    1483 |       0 |   0.0 |      27 |       0 |   0.0
        D:7 |     337 |     195 |  36.7 |       4 |       5 |  55.6
        D:8 |     983 |     181 |  15.5 |      10 |       3 |  23.1
        D:9 |    1896 |    1012 |  34.8 |      18 |       4 |  18.2
     Lair:1 |     477 |       0 |   0.0 |       2 |       0 |   0.0
   Gauntlet |       0 |     261 | 100.0 |       0 |       1 | 100.0
            +---------+---------+-------+---------+---------+-------
